 Dungeon Crawl Stone Soup version 0.17-a0-125-g34d91a1 (webtiles) character file.

2583 Ngotmuk the Shield-Bearer (level 9, -4/82 HPs)
             Began as a Deep Dwarf Fighter on Mar 23, 2015.
             Was a Priest of Ru.
             Slain by a goliath beetle (18 damage)
             ... on level 7 of the Dungeon.
             The game lasted 00:41:02 (7205 turns).

Ngotmuk the Shield-Bearer (Deep Dwarf Fighter)      Turns: 7205, Time: 00:41:03

Health: -4/82      AC: 15    Str: 26    XL:     9   Next: 32%
Magic:  8/8        EV:  7    Int:  8    God:    Ru [***...]
Gold:   305        SH: 11    Dex: 10    Spells: 0 memorised, 8 levels left

rFire  . . .     SeeInvis .     f - +1 flail
rCold  . . .     Clarity  .     k - +0 plate armour
rNeg   . . .     SustAb   .     c - +0 shield
rPois  .         Gourm    .     q - +0 helmet
rElec  .         Spirit   .     (no cloak)
rCorr  .         Warding  .     a - +0 pair of gloves
rMut   .         Stasis   .     (no boots)
MR     +....                    (no amulet)
Stlth  ..........               n - +2 ring of strength
                                o - ring of stealth

@: non-regenerating, drained, somewhat resistant to hostile enchantments,
extremely unstealthy
A: damage resistance, recharge devices, clumsy 1, low mp 1, mutation resistance
1, sense surroundings 2, slow healing 3, inability to use devices, MP-powered
wands 1
a: Device Recharging, Draw Out Power, Renounce Religion


You were on level 7 of the Dungeon.
You worshipped Ru.
Ru was most pleased with you.
You were not hungry.

You visited 1 branch of the dungeon, and saw 8 of its levels.

You collected 305 gold pieces.

Inventory:

Hand weapons
 f - a +1 flail (weapon)
Armour
 a - a +0 pair of gloves (worn)
 c - a +0 shield (worn)
 k - a +0 plate armour (worn)
 q - a +0 helmet (worn)
Jewellery
 n - a +2 ring of strength (right hand)
 o - a ring of stealth (left hand)
Scrolls
 e - a scroll of random uselessness
 h - 6 scrolls of remove curse
 i - 2 scrolls of identify
 j - 2 scrolls of blinking
 m - a scroll of recharging
 p - a scroll of noise {unknown}
Potions
 b - a potion of haste
 d - a potion of cure mutation
 l - a potion of magic
 r - a potion of flight
 s - a potion of brilliance
Comestibles
 g - a bread ration


   Skills:
 + Level 5.7(4.7) Fighting
 * Level 6.4(5.3) Maces & Flails
 + Level 6.8(5.7) Armour
 - Level 5.5(4.4) Dodging
 + Level 7.3(6.1) Shields


You had 8 spell levels left.
You didn't know any spells.

Dungeon Overview and Level Annotations

Branches:
Dungeon (8/15)             Temple (0/1) D:5
   Lair: D:8-11

Altars:
Kikubaaqudgha
Ru
Sif Muna
Yredelemnul
Zin

Shops:
D:4 !

Annotations:
D:3 Pikaro's ghost, average MfIE
D:7 haldagan's ghost, experienced OpFi


Innate Abilities, Weirdness & Mutations

You are resistant to damage.
You can recharge devices by infusing magical energy.
You passively map the area around you.
You do not heal naturally.
You cannot study or use magical devices.
You are clumsy. (Dex -2)
Your magical capacity is low (-10% MP).
You are somewhat resistant to further mutation.
You expend magic power (3 MP) to slightly strengthen your wands.


Message History

A bat, a goliath beetle, a sky beast, a hobgoblin and a crimson imp come into view.
The goliath beetle twitches its antennae in your direction.
The crimson imp shouts!
The hobgoblin shouts!
The goliath beetle bites you!!
* * * LOW HITPOINT WARNING * * *
Found a chain mail.
There is a stone staircase leading up, spattered with blood here.
A scorpion comes into view.
You feel less exhausted.
The crimson imp blinks!
You sock the goliath beetle!
The goliath beetle is lightly wounded.
You see here a chain mail.
You hit the goliath beetle but do no damage.
The goliath beetle is lightly wounded.
You hit the goliath beetle.
The goliath beetle is moderately wounded.
The crimson imp laughs crazily.
The goliath beetle bites you!!
You die...

**# ,..# * * ...# ****
, ....# ,
..############.....#
,,.........@Bbsg5Y....#
. ...###########.....#
, , ... .###### * ....#
* #..#.....# * ...# ,*
#.......# * Y.# *
####.....>.# *** *#* *,
,...........# ,
####.####..#
##...#####.# * *


You could see a goliath beetle, a sky beast, a scorpion, a crimson imp, a
hobgoblin and a bat.

Vanquished Creatures
  The ghost of Ngotmuk the Shield-Bearer, an average DDFi (D:4)
  Eustachio (D:5)
  A deep elf fighter (D:5)
  A hippogriff (D:7)
  A spider (D:8)
  An orc warrior (D:5)
  A phantom (D:5)
  2 ice beasts
  2 ogres
  A black bear (D:5)
  A centaur (D:6)
  A giant frog (D:7)
  Blork the orc (D:5)
  2 scorpions
  3 wights
  2 goliath beetles
  A gnoll shaman (D:6)
  2 orc priests (D:5)
  A crimson imp (D:6)
  A centaur skeleton (D:6)
  A giant frog skeleton (D:6)
  3 orc wizards
  7 worker ants
  3 iguanas
  Ijyb (D:2)
  A hound zombie (D:6)
  12 adders
  4 gnolls (D:6)
  A giant mite (D:4)
  3 shadow imps
  3 worms
  6 giant geckos
  2 oozes
  19 orcs
  2 ball pythons (D:6)
  11 bats
  A bat zombie (D:2)
  5 giant cockroaches
  19 hobgoblins
  11 jackals
  4 quokkas
  A ball python zombie (D:6)
  A giant cockroach zombie (D:2)
  A giant gecko skeleton (D:4)
  2 giant gecko zombies (D:2)
  3 giant newts
  11 goblins
  A jackal skeleton (D:2)
  A jackal zombie (D:2)
  18 kobolds
  12 rats
197 creatures vanquished.

Vanquished Creatures (others)
  An orc (D:3)
  A kobold (D:3)
2 creatures vanquished.

Grand Total: 199 creatures vanquished

Notes
Turn   | Place    | Note
--------------------------------------------------------------
     0 | D:1      | Ngotmuk, the Deep Dwarf Fighter, began the quest for the Orb.
     0 | D:1      | Reached XP level 1. HP: 20/20 MP: 1/1
   435 | D:1      | Reached XP level 2. HP: 18/27 MP: 2/2
   554 | D:1      | Reached skill level 1 in Dodging
   811 | D:2      | Noticed Ijyb
   840 | D:2      | Killed Ijyb
   840 | D:2      | Reached XP level 3. HP: 17/33 MP: 3/3
  1048 | D:2      | Reached XP level 4. HP: 2/42 MP: 4/4
  1132 | D:2      | Found a sacrificial altar of Ru.
  1139 | D:2      | Became a worshipper of Ru the Awakened
  1158 | D:2      | Reached skill level 4 in Shields
  1668 | D:3      | Noticed Pikaro's ghost (average MfIE)
  1702 | D:4      | Found Amag's Distillery.
  1907 | D:4      | Noticed Ngotmuk's ghost (average DDFi)
  1984 | D:5      | Entered Level 5 of the Dungeon
  2029 | D:5      | HP: 1/42 [iguana (6)]
  2042 | D:5      | Found a staircase to the Ecumenical Temple.
  2107 | D:5      | Reached XP level 5. HP: 16/49 MP: 5/5
  2152 | D:5      | Noticed Eustachio
  2156 | D:5      | Noticed an orc warrior
  2156 | D:5      | Noticed Blork the orc
  2166 | D:5      | Noticed a deep elf fighter
  2213 | D:4      | Gained mutation: You cannot study or use magical devices. [Ru sacrifice]
  2213 | D:4      | Acquired Ru's first power
  2213 | D:4      | Acquired Ru's second power
  2213 | D:4      | Acquired Ru's third power
  2601 | D:4      | Reached XP level 6. HP: 16/56 MP: 6/6
  2688 | D:4      | Gained mutation: You are clumsy. (Dex -2) [potion of mutation]
  2688 | D:4      | Gained mutation: You possess an exceptional clarity of mind. [potion of mutation]
  3576 | D:3      | Lost mutation: You possess an exceptional clarity of mind. [potion of mutation]
  3576 | D:3      | Gained mutation: You expend magic power (3 MP) to slightly strengthen your wands. [potion of mutation]
  3576 | D:3      | Gained mutation: You are somewhat resistant to further mutation. [potion of mutation]
  3848 | D:3      | Reached skill level 5 in Shields
  3870 | D:3      | Found an ancient bone altar of Kikubaaqudgha.
  3891 | D:3      | Found a glowing silver altar of Zin.
  3896 | D:3      | Found a deep blue altar of Sif Muna.
  4371 | D:4      | Killed Ngotmuk's ghost
  4371 | D:4      | Reached XP level 7. HP: 33/64 MP: 7/7
  4448 | D:5      | Reached skill level 5 in Armour
  4681 | D:5      | Killed Eustachio
  4786 | D:5      | Killed an orc warrior
  4800 | D:5      | Reached XP level 8. HP: 39/73 MP: 8/8
  4814 | D:5      | Killed Blork the orc
  4829 | D:5      | Killed a deep elf fighter
  4842 | D:5      | Reached skill level 6 in Shields
  4885 | D:5      | Noticed a phantom
  4888 | D:5      | Noticed a black bear
  4924 | D:5      | Killed a black bear
  4924 | D:5      | Reached skill level 5 in Dodging
  4961 | D:5      | Killed a phantom
  4961 | D:5      | Reached skill level 5 in Fighting
  5111 | D:5      | Gained mutation: Your magical capacity is low (-10% MP). [potion of mutation]
  5241 | D:5      | Reached skill level 5 in Maces & Flails
  5266 | D:5      | Noticed an ice beast
  5277 | D:5      | Killed an ice beast
  5964 | D:6      | Gained mutation: You passively map the area around you. [level up]
  5964 | D:6      | Reached XP level 9. HP: 30/81 MP: 8/8
  6827 | D:7      | HP: 3/81 [ogre/giant club (8)]
  6834 | D:7      | Reached skill level 7 in Shields
  6969 | D:7      | Noticed haldagan's ghost (experienced OpFi)
  7019 | D:8      | Found a basalt altar of Yredelemnul.
  7108 | D:8      | HP: 1/82 [boring beetle (19)]
  7205 | D:7      | Slain by a goliath beetle

Action                   |  1- 3 |  4- 6 |  7- 9 || total
-------------------------+-------+-------+-------++-------
Melee: Mace              |   156 |   489 |    31 ||   676
       Flail             |       |       |   416 ||   416
Invok: Sacrifice Artific |       |     1 |       ||     1
       Draw Out Power    |       |     3 |    14 ||    17
       Reject Sacrifices |       |       |     1 ||     1
Evoke: Wand              |       |     4 |       ||     4
  Use: Scroll            |       |     6 |     7 ||    13
       Potion            |       |     8 |     2 ||    10
 Stab: Distracted        |       |       |     2 ||     2
       Invisible         |       |       |     2 ||     2
  Eat: Bread ration      |     1 |     2 |     2 ||     5
       Pizza             |       |       |     1 ||     1
       Chunk             |       |       |     2 ||     2
       Beef jerky        |       |       |     1 ||     1
